Map: Eastwatch LE

Players

memoxxx

  • Race: Terran Terran
  • League: Silver
  • Spawn Location: 1:00

Infamous - Winner!

  • Race: Terran Terran
  • League: Silver
  • Spawn Location: 7:00

VOD

Have the link to the VOD?

Description

Time

  • Played on: March 20, 2018, 3:37 p.m.
  • Length: 8:34
Show
View Real Time Build Order
Export as new Build Order

memoxxx Terran 

Build Orders:  

Get SALT Encoding   

  12  0:08  SCV  
  13  0:20  SCV  
  14  0:22  Supply Depot  
  14  0:32  SCV  
  15  0:44  SCV  
  15  0:46  Barracks  
  16  0:56  SCV  
  17  1:04  Refinery  
  17  1:05  Refinery  
  17  1:20  SCV  
  18  1:32  Marine, SCV  
  20  1:44  SCV  
  21  1:50  Marine  
  22  1:54  Supply Depot  
  22  1:56  SCV  
  23  2:15  Marine, SCV  
  23  2:17  Factory  
  25  2:33  Marine  
  26  2:46  Command Center  
  26  2:51  Marine  
  27  3:02  Factory Tech Lab  
  27  3:03  Starport  
  27  3:06  SCV  
  27  3:09  Marine  
  29  3:18  SCV  
  30  3:23  Supply Depot  
  30  3:26  Marine  
  31  3:39  Starport Tech Lab  
  31  3:44  Siege Tank, SCV  
  31  3:46  Supply Depot  
  35  3:58  Engineering Bay  
  35  3:59  Banshee  
  35  4:00  Refinery  
  38  4:05  SCV  
  39  4:17  SCV  
  40  4:24  Supply Depot  
  40  4:29  SCV  
  41  4:38  Starport  
  41  4:41  SCV  
  41  4:42  Banshee  
  45  4:52  Missile Turret  
  45  4:53  SCV  
  45  4:59  Missile Turret  
  46  5:03  Missile Turret  
  46  5:10  Missile Turret  
  46  5:13  Missile Turret  
  46  5:17  Starport Tech Lab  
  46  5:25  Barracks Tech Lab  
  46  5:29  Ghost Academy  
  46  5:35  Orbital Command  
  46  5:43  Orbital Command  
  46  5:53  Supply Depot  
  46  5:56  Banshee  
  49  6:11  Personal Cloaking  
  49  6:20  Barracks  
  49  6:21  Banshee  
  52  6:28  SCV  
  53  6:36  Supply Depot  
  53  6:39  Ghost  
  53  6:40  SCV  
  53  6:44  Cloaking Field  
  56  6:52  SCV  
  54  7:08  Ghost  
  56  7:15  Banshee  
  56  7:16  Banshee  
  50  7:36  Marine  
  50  7:37  Marine  
  43  7:53  Marine  
  43  7:54  Marine  
Show
View Real Time Build Order
Export as new Build Order

Infamous Terran - Winner!

Build Orders:  

Get SALT Encoding   

  12  0:01  SCV  
  13  0:13  SCV  
  14  0:27  Supply Depot  
  14  0:28  SCV  
  15  0:49  SCV  
  16  0:54  Barracks  
  16  1:00  Refinery  
  16  1:01  SCV  
  17  1:07  Supply Depot  
  17  1:13  SCV  
  18  1:29  Supply Depot  
  18  1:34  SCV  
  18  1:35  Barracks  
  19  1:46  Orbital Command  
  19  1:49  Marine  
  20  1:57  Refinery  
  20  2:14  Barracks Reactor  
  19  2:18  SCV  
  20  2:23  Barracks Reactor  
  20  2:30  SCV  
  20  2:36  Factory  
  21  2:46  SCV  
  22  2:52  Marine  
  22  2:53  Marine  
  24  2:58  SCV  
  25  3:17  Marine x2  
  25  3:18  Marine x2  
  29  3:22  Factory Tech Lab  
  29  3:25  Starport  
  29  3:26  SCV  
  30  3:38  Marine x4, SCV  
  35  3:50  SCV  
  36  3:57  Marine x2  
  36  3:58  Marine  
  39  4:08  Supply Depot  
  39  4:09  Barracks  
  39  4:15  Supply Depot  
  39  4:30  Marine x4, Medivac  
  45  4:37  Siege Tank  
  48  4:58  Engineering Bay  
  48  5:00  Medivac  
  48  5:03  Barracks Tech Lab  
  48  5:06  Marine x4  
  54  5:21  Supply Depot  
  54  5:23  Supply Depot  
  54  5:30  Marine  
  54  5:32  Missile Turret  
  55  5:42  Marine x2, Siege Tank  
  60  5:51  Stimpack  
  60  5:56  Medivac  
  62  6:01  Marauder  
  64  6:10  SCV  
  65  6:14  Missile Turret  
  65  6:37  Marine x2  
  65  6:38  Marine x2  
  65  6:39  Marauder  
  71  6:44  Starport Reactor  
  71  7:15  Command Center  
  71  7:20  Siege Tank  
  57  8:02  Marine x3  
  57  8:03  Marine  
  57  8:04  Marauder  
  68  8:14  SCV  
  69  8:23  Missile Turret  
  65  8:29  Missile Turret  
Tags
 
Matchup
TvT
Race
Terran
Replay Pack
Last Remnant (2)
Spawn Locations
Cross Positions
Add a new tag
Caveats
  • Supply blocks, unpowered buildings, or Contaminate may cause inaccurate times.
  • Supply counts are checked every 10 seconds.